 Dungeon Sprint DCSS version 0.28-a0-1182-g381e24db82 (webtiles) character file.

Game seed: 4302256957015646642

16941 mhtbhm the Fencer (level 12, -15/122 (128) HPs)
             Began as a Minotaur Fighter on Dec 16, 2021.
             Was an Initiate of Gozag.
             Killed from afar by a tengu reaver (33 damage)
             ... with a bolt of poison
             ... in the Dungeon (Sprint IX: "|||||||||||||||||||||||||||||").
             The game lasted 00:06:38 (3097 turns).

mhtbhm the Fencer (Minotaur Fighter)                Turns: 3097, Time: 00:06:40

HP:   -15/122 (128) AC: 23    Str: 28    XL:     12   Next: 14%
MP:   11/11         EV: 11    Int:  5    God:    Gozag
Gold: 3368          SH:  7    Dex: 11    Spells: 11/11 levels left

rFire   . . .      SeeInvis +   a - +2 scimitar (flame)
rCold   . . .      Faith    .   c - +0 buckler
rNeg    . . .      Spirit   .   b - +3 chain mail {Will+}
rPois   .          Reflect  .   t - +0 hat {SInv}
rElec   .          Harm     .   m - +0 cloak
rCorr   .          Rampage  .   s - +0 pair of gloves
Will    +....      NoTele   +   (no boots)
Stlth   +.........              (no amulet)
HPRegen 0.30/turn               n - +3 ring of strength
MPRegen 0.12/turn               o - +2 ring of protection

@: lethally poisoned (-15 -> -42), lightly drained
A: horns 2, retaliatory headbutt
a: Renounce Religion, Potion Petition, Call Merchant, Bribe Branch


You were in the Dungeon.
You worshipped Gozag.
Gozag was most pleased with you.
You visited 1 branch You collected 7442 gold pieces.
You spent 155 gold pieces at shops.
You paid 3919 gold pieces to Gozag.

Inventory:

Hand Weapons
 a - a +2 scimitar of flaming (weapon)
Missiles
 z - 2 datura-tipped darts (quivered)
Armour
 b - a +3 chain mail of willpower (worn)
 c - a +0 buckler (worn)
 m - a +0 cloak (worn)
 s - a +0 pair of gloves (worn)
 t - a +0 hat of see invisible (worn)
Jewellery
 n - a +3 ring of strength (left hand)
 o - a +2 ring of protection (right hand)
 p - a ring of protection from fire
 u - a ring of protection from cold
 v - a ring of see invisible
 w - a ring of fire
Wands
 l - a wand of iceblast (7)
Scrolls
 e - 4 scrolls of fear
 j - 4 scrolls of blinking
 k - 2 scrolls of amnesia
 q - 2 scrolls of enchant armour
 y - 2 scrolls of enchant weapon
Potions
 d - 2 potions of brilliance
 f - 2 potions of heal wounds
 g - 2 potions of haste
 h - 4 potions of magic
 i - 2 potions of resistance
 r - a potion of attraction
 x - a potion of curing


   Skills:
 + Level 18.6 Fighting
 + Level 19.2 Long Blades
 + Level 18.2 Armour
 + Level 6.7 Dodging
 + Level 8.3 Stealth
 + Level 14.7 Shields
 + Level 2.3 Evocations


You had 11 spell levels left.
You didn't know any spells.
Your spell library contained the following spells:

 Spells                   Type           Power      Damage    Failure   Level
 Animate Skeleton         Necr           0%         N/A       85%         1
 Apportation              Tloc           0%         N/A       85%         1
 Summon Small Mammal      Summ           0%         N/A       85%         1


Dungeon Overview and Level Annotations

Branches:
Dungeon (1/1)

Altars:
Cheibriados
Dithmenos
Elyvilon
Fedhas
Gozag
Hepliaklqana
Kikubaaqudgha
Makhleb
Nemelex Xobeh
Okawaru
Qazlal
Ru
Sif Muna
Trog
Uskayaw
Vehumet
Wu Jian
Xom
Yredelemnul
Zin
The Shining One
Beogh
Jiyva
Lugonu

Shops:
D [[[(((


Innate Abilities, Weirdness & Mutations

You have a pair of horns on your head.
You reflexively headbutt those who attack you in melee.


Message History

The tengu reaver is moderately wounded.
The tengu reaver casts a spell at you. The bolt of negative energy hits you!!
You feel drained.
* * * LOW HITPOINT WARNING * * *
You slash the tengu reaver! You burn the tengu reaver.
The tengu reaver is heavily wounded.
You feel sick. The tengu reaver blocks your attack.
The tengu reaver is heavily wounded.
You feel sick. The tengu reaver casts a spell at you.
The bolt of cold misses you.
Unknown command.
You feel better.
The tengu reaver hits you with a +0 war axe!
* * * LOW HITPOINT WARNING * * *
The tengu reaver pecks you.
* * * LOW HITPOINT WARNING * * *
The tengu reaver claws you but does no damage.
Unknown command.
You feel much better.
The tengu reaver hits you with a +0 war axe!
* * * LOW HITPOINT WARNING * * *
The tengu reaver pecks you but does no damage.
The tengu reaver claws you but does no damage.
The tengu reaver blocks your attack.
Your headbutt misses the tengu reaver.
The tengu reaver is moderately wounded.
The tengu reaver hits you with a +0 war axe!
* * * LOW HITPOINT WARNING * * *
The tengu reaver pecks you but does no damage.
The tengu reaver claws you but does no damage.
You hit the tengu reaver. You burn the tengu reaver.
The tengu reaver is heavily wounded.
You miss the tengu reaver. You headbutt the tengu reaver!
The tengu reaver is heavily wounded.
The tengu reaver points at you and mumbles some strange words.
The bolt of poison hits you!!
You are lethally poisoned!
You die...
Your body crumbles into a pile of gold.

......................▓
▓▓▓▓▓▓▓▓▓▓▓▓▓▓▓▓▓▓▓▓▓.▓
'.....[.......'.......▓
▓▓▓▓▓▓▓▓▓▓▓▓▓▓▓▓▓▓▓▓▓▓▓
......................▓
▓▓▓▓▓▓▓▓▓▓▓▓▓▓▓▓▓▓▓▓▓.▓
))))))))).............▓
▓▓▓▓▓▓▓▓▓▓▓▓▓▓▓▓▓▓▓▓▓▓▓
................@Q....▓
▓▓▓▓▓▓▓▓▓▓▓▓▓▓▓▓▓▓▓▓▓.▓
))))))).....'.....)...▓
▓▓▓▓▓▓▓▓▓▓▓▓▓▓▓▓▓▓▓▓▓▓▓


You could see a tengu reaver.

Vanquished Creatures
  Gastronok (D)
  An ettin (D)
  A hydra (D)
  An ogre mage (D)
  A centaur warrior (D)
  A tengu warrior (D)
  6 orc high priests (D)
  3 orc knights (D)
  An ugly thing (D)
  A cyclops (D)
  2 manticores (D)
  A black mamba (D)
  A cane toad (shapeshifter) (D)
  3 cane toads (D)
  A rime drake (D)
  An efreet (D)
  2 komodo dragons (D)
  A meliai (shapeshifter) (D)
  A raiju (shapeshifter) (D)
  3 blink frogs (D)
  A slime creature (D)
  2 yaks (D)
  A human (shapeshifter) (D)
  A basilisk (D)
  2 vampire mosquitoes (D)
  2 wargs (D)
  4 water moccasins (D)
  A hell hound (D)
  11 orc warriors (D)
  6 wolves (D)
  A centaur (D)
  A bullfrog (D)
  A hound (D)
  12 orc priests (D)
  An orc wizard (D)
  An adder (D)
  An adder zombie (D)
  6 orcs (D)
  A goblin (D)
  A jackal (D)
  2 kobolds (D)
  A ball python zombie (D)
  A frilled lizard (D)
  A giant cockroach zombie (D)
  A rat (D)
96 creatures vanquished.

Notes
Turn   | Place    | Note
-------+----------+-------------------------------------------
     0 | D        | mhtbhm the Minotaur Fighter began the quest for the Orb.
     0 | D        | Reached XP level 1. HP: 19/19 MP: 0/0
    67 | D        | Noticed a hound
    67 | D        | Noticed a water moccasin
    73 | D        | Killed a water moccasin
    74 | D        | Reached skill level 4 in Long Blades
    74 | D        | Reached XP level 2. HP: 29/31 MP: 1/1
    74 | D        | Reached XP level 3. HP: 36/38 MP: 2/2
    74 | D        | Reached XP level 4. HP: 42/45 MP: 3/3
    81 | D        | Reached skill level 5 in Long Blades
    81 | D        | Reached XP level 5. HP: 51/52 MP: 4/4
    91 | D        | Found a snail-covered altar of Cheibriados.
    91 | D        | Found a shadowy altar of Dithmenos.
    91 | D        | Found a white marble altar of Elyvilon.
    91 | D        | Found a blossoming altar of Fedhas.
    91 | D        | Found an opulent altar of Gozag.
    92 | D        | Found a hazy altar of Hepliaklqana.
    93 | D        | Found a viscous altar of Jiyva.
    94 | D        | Found an ancient bone altar of Kikubaaqudgha.
    95 | D        | Found a corrupted altar of Lugonu.
    96 | D        | Found a burning altar of Makhleb.
    97 | D        | Found a sparkling altar of Nemelex Xobeh.
    98 | D        | Found an iron altar of Okawaru.
    99 | D        | Became a worshipper of Gozag Ym Sagoz the Greedy
   100 | D        | Found a stormy altar of Qazlal.
   101 | D        | Found a sacrificial altar of Ru.
   102 | D        | Found a shimmering blue altar of Sif Muna.
   103 | D        | Found a bloodstained altar of Trog.
   104 | D        | Found a hide-covered altar of Uskayaw.
   105 | D        | Found a radiant altar of Vehumet.
   106 | D        | Found an ornate altar of the Wu Jian Council.
   107 | D        | Found a shimmering altar of Xom.
   108 | D        | Found a basalt altar of Yredelemnul.
   109 | D        | Found a glowing silver altar of Zin.
   110 | D        | Found a glowing golden altar of the Shining One.
   206 | D        | Noticed a yak
   206 | D        | Noticed a centaur
   206 | D        | Noticed a vampire mosquito
   213 | D        | Killed a vampire mosquito
   214 | D        | Reached skill level 6 in Long Blades
   214 | D        | Reached XP level 6. HP: 52/62 MP: 5/5
   216 | D        | Reached skill level 7 in Long Blades
   217 | D        | Killed a yak
   218 | D        | Reached skill level 10 in Fighting
   218 | D        | Reached skill level 8 in Long Blades
   218 | D        | Reached skill level 10 in Armour
   265 | D        | Noticed an efreet
   265 | D        | Noticed a vampire mosquito
   265 | D        | Noticed a slime creature
   265 | D        | Noticed a human
   265 | D        | Noticed a jumping spider
   265 | D        | Noticed a human
   266 | D        | Noticed an orb spider
   266 | D        | a jumping spider changed into an orb spider
   266 | D        | a human changed into something unseen
   277 | D        | Noticed a meliai
   277 | D        | an orb spider changed into a meliai
   286 | D        | Noticed a raiju
   289 | D        | Killed a meliai
   290 | D        | Reached skill level 1 in Dodging
   290 | D        | Reached XP level 7. HP: 32/73 MP: 6/6
   290 | D        | Killed a raiju
   291 | D        | Reached skill level 9 in Long Blades
   291 | D        | Reached skill level 10 in Shields
   292 | D        | Killed a human
   293 | D        | Reached XP level 8. HP: 36/82 MP: 7/7
   295 | D        | Killed a slime creature
   296 | D        | Reached skill level 10 in Long Blades
   301 | D        | Killed an efreet
   302 | D        | Reached skill level 11 in Long Blades
   302 | D        | Reached skill level 1 in Stealth
   681 | D        | Noticed a cane toad
   681 | D        | Noticed a cane toad
   681 | D        | Noticed a blink frog
   681 | D        | Noticed a komodo dragon
   682 | D        | Noticed a rime drake
   684 | D        | Noticed a blink frog
   691 | D        | Killed a komodo dragon
   692 | D        | Killed a blink frog
   693 | D        | Reached XP level 9. HP: 28/90 MP: 8/8
   696 | D        | Reached skill level 12 in Long Blades
   704 | D        | Killed a cane toad
   717 | D        | HP: 2/92 [blink frog (13)]
   719 | D        | Killed a cane toad
   720 | D        | Reached skill level 13 in Long Blades
   724 | D        | Killed a rime drake
   725 | D        | Reached skill level 15 in Armour
   751 | D        | Noticed a cane toad
   751 | D        | Noticed a black mamba
   752 | D        | Noticed a komodo dragon
   753 | D        | Noticed an eight-headed hydra
   759 | D        | Killed a black mamba
   776 | D        | Killed a cane toad
   777 | D        | Reached skill level 14 in Long Blades
   777 | D        | Reached XP level 10. HP: 33/101 MP: 9/9
   783 | D        | Reached skill level 1 in Evocations
   797 | D        | Killed a five-headed hydra
   798 | D        | Reached skill level 15 in Long Blades
   798 | D        | Reached skill level 5 in Stealth
  1221 | D        | Noticed Gastronok
  1233 | D        | Killed Gastronok
  1234 | D        | Reached skill level 15 in Fighting
  1234 | D        | Reached skill level 16 in Long Blades
  1547 | D        | Noticed an orc knight
  1547 | D        | Noticed an orc knight
  1561 | D        | Killed an orc knight
  1562 | D        | Reached XP level 11. HP: 71/113 MP: 10/10
  1564 | D        | Killed an orc knight
  1573 | D        | Noticed an orc knight
  1594 | D        | Killed an orc knight
  1595 | D        | Reached skill level 17 in Long Blades
  1863 | D        | Found Erunad's Antique Weapon Boutique.
  1863 | D        | Noticed an orc high priest
  1863 | D        | Noticed an orc high priest
  1865 | D        | Noticed an orc high priest
  1868 | D        | Killed an orc high priest
  1868 | D        | Noticed an orc high priest
  1870 | D        | Noticed a soul eater
  1872 | D        | Found Daopomuf's Armour Shop.
  1876 | D        | Noticed a sun demon
  1877 | D        | Killed an orc high priest
  1878 | D        | Reached skill level 5 in Dodging
  1902 | D        | Killed an orc high priest
  1905 | D        | Killed an orc high priest
  1912 | D        | Found Kifaxt's Antique Armour Boutique.
  1912 | D        | Found Igiacsurr's Antique Armour Shop.
  1913 | D        | Noticed an orc high priest
  1926 | D        | Killed an orc high priest
  1927 | D        | Reached skill level 18 in Long Blades
  1927 | D        | Noticed an orc high priest
  1939 | D        | Noticed a soul eater
  1961 | D        | Killed an orc high priest
  2267 | D        | Bought a shiny chain mail for 142 gold pieces
  2438 | D        | Bought 2 datura-tipped darts for 13 gold pieces
  2439 | D        | Noticed a centaur warrior
  2439 | D        | Noticed an ogre mage
  2439 | D        | Noticed a tengu warrior
  2475 | D        | Noticed a purple ugly thing
  2485 | D        | Noticed an ettin
  2489 | D        | Killed a tengu warrior
  2494 | D        | Noticed a tengu reaver
  2501 | D        | Killed an ogre mage
  2502 | D        | Noticed a stone giant
  2503 | D        | Noticed a vampire mage
  2506 | D        | Killed a centaur warrior
  2507 | D        | Reached XP level 12. HP: 71/127 MP: 11/11
  2513 | D        | Noticed a vampire mage
  2515 | D        | Reached skill level 19 in Long Blades
  2515 | D        | Noticed an ettin
  2793 | D        | Killed an ettin
  3097 | D        | Killed from afar by a tengu reaver

Illustrated notes

Levels and vault maps discovered:
D:        linesprint [early_d, line_temple, items_1, d_10, items_2, lair_1,
          lair_end, items_3, orc_1, orc_end, items_4, d_15, swamp_1, shoals_1,
          snake_1, spider_1, d_20, vaults_1, items_5, swamp_end, shoals_end,
          snake_end, spider_end, vaults_end, d_27, items_6, zot_1, zot_end,
          crypt_end, forest_end, elf_end, slime_end, tomb_end, abyss_end,
          pan_hell_end]

Skill      XL: |  1  2  3  4  5  6  7  8  9 10 11 12 |
---------------+-------------------------------------+-----
Fighting       | 6 7 8 10 11 12 13 15 18 | 18.6
Armour         | 7 9 11 12 14 15 16 18 | 18.2
Shields        | 6 7 8 9 10 11 12 13 14 | 14.7
Long Blades    | 4 5 6 8 9 11 14 16 18 19 | 19.2
Dodging        | 1 2 3 4 6 |  6.7
Stealth        | 1 4 6 8 |  8.3
Evocations     | 2 |  2.3

Action                   |  1- 3 |  4- 6 |  7- 9 | 10-12 || total
-------------------------+-------+-------+-------+-------++-------
Melee: Long sword        |    20 |     8 |       |       ||    28
       Headbutt          |     1 |     5 |     6 |    56 ||    68
       Scimitar          |       |    23 |    57 |   253 ||   333
Invok: Potion Petition   |       |     1 |     1 |     3 ||     5
       Call Merchant     |       |       |       |     2 ||     2
Evoke: Wand              |       |       |     2 |     1 ||     3
  Use: Potion            |     2 |     5 |     6 |     6 ||    19
       Scroll            |       |       |       |     1 ||     1
 Stab: Invisible         |       |       |     4 |     3 ||     7
       Distracted        |       |       |     1 |     3 ||     4
Armor: Scale mail        |     8 |     1 |       |       ||     9
       Chain mail        |       |    32 |    18 |    73 ||   123
Dodge: Dodged            |     6 |     9 |    17 |    48 ||    80
Block: Buckler           |     3 |     9 |    18 |    63 ||    93

Table legend: (Time is in decaauts)
 A = Elapsed time spent in this place.
 B = Non-inter-level travel time spent in this place.
 C = Inter-level travel time spent in this place.
 D = Time resting spent in this place.
 E = Time spent auto-exploring this place.
 F = Levels seen in this place.
 G = Mean time per level.
                   A        B        C        D        E       F      G
               +--------+--------+--------+--------+--------+-----+--------+
         Total |   2981 |   2981 |      0 |   1668 |    348 |   1 | 2981.0 |
       Dungeon |   2981 |   2981 |      0 |   1668 |    348 |   1 | 2981.0 |
               +--------+--------+--------+--------+--------+-----+--------+

Top non-repeatable levels by time:
       D: 2981 daAuts
